 Dungeon Crawl Stone Soup version 0.23-a0-338-g8ff0b24 (webtiles) character file.

1916 Ijustatesigmund the Unhurried (level 9, -6/57 HPs)
             Began as an Octopode Conjurer on Oct 18, 2018.
             Was a Believer of Cheibriados.
             Mangled by a hippogriff (9 damage)
             ... on level 7 of the Dungeon.
             The game lasted 00:18:21 (9392 turns).

Ijustatesigmund the Unhurried (Octopode Conjurer)   Turns: 9392, Time: 00:18:22

Health: -6/57      AC:  1    Str: 12    XL:     9   Next: 16%
Magic:  8/15       EV: 17    Int: 21    God:    Cheibriados [**....]
Gold:   69         SH:  0    Dex: 19    Spells: 10/16 levels left

rFire    . . .     SeeInvis .   o - +0 flail (crush)
rCold    . . .     Gourm    .   (no shield)
rNeg     . . .     Faith    .   (helmet restricted)
rPois    .         Spirit   .   (no amulet)
rElec    .         Reflect  .   j - +3 ring of evasion
rCorr    .         Harm     .   (no ring)
MR       .....                  (no ring)
Stlth    ++++......             (no ring)
HPRegen  0.19/turn              (no ring)
MPRegen  0.14/turn              (no ring)
                                (no ring)
                                (no ring)

@: marked, very slow
A: almost no armour, stealthy swim, amphibious, 8 rings, constrict 8, camouflage
1, gelatinous body 1
a: Bend Time, Renounce Religion


You were on level 7 of the Dungeon.
You worshipped Cheibriados.
Cheibriados was pleased with you.
You were not hungry.

You visited 1 branch of the dungeon, and saw 7 of its levels.

You collected 251 gold pieces.
You spent 182 gold pieces at shops.

Inventory:

Hand Weapons
 e - a +3 dagger
 o - a +0 flail of crushing (weapon)
Jewellery
 j - a +3 ring of evasion (left tentacle)
Wands
 c - a wand of enslavement (3)
 g - a wand of flame (22)
Scrolls
 a - 4 scrolls of teleportation
 f - 4 scrolls of remove curse
 h - 2 scrolls of identify
 i - 2 scrolls of immolation
Potions
 d - a potion of ambrosia {unknown}
 k - a potion of might
 n - a potion of cancellation
Comestibles
 b - 11 rations


   Skills:
 - Level 3.4 Fighting
 + Level 2.4 Maces & Flails
 + Level 2.0 Dodging
 - Level 3.7 Stealth
 - Level 4.3 Spellcasting
 - Level 5.8 Conjurations
 - Level 4.1 Hexes
 - Level 7.9 Invocations


You had 10 spell levels left.
You knew the following spells:

 Your Spells              Type           Power        Failure   Level  Hunger
a - Magic Dart            Conj           ####         1%          1    None
b - Searing Ray           Conj           ####..       1%          2    #......
c - Dazzling Spray        Conj/Hex       ####..       4%          3    ##.....

Your spell library contained the following spells:

 Spells                   Type           Power        Failure   Level  Hunger
 Iskenderun's Mystic Bla  Conj           ####....     11%         4    ####...
 Fulminant Prism          Conj/Hex       ####......   16%         4    ####...
 Force Lance              Conj/Tloc      ###.....     34%         4    ####...


Dungeon Overview and Level Annotations

Branches:
Dungeon (7/15)             Temple (0/1) D:4

Altars:
Cheibriados
Gozag
Kikubaaqudgha
Makhleb
Nemelex Xobeh
Okawaru
Qazlal
Ru
Sif Muna
Trog
Wu Jian
The Shining One

Shops:
D:6 (


Innate Abilities, Weirdness & Mutations

You cannot wear most types of armour.
You are very stealthy in the water. (Stealth+)
You are amphibious.
You can wear up to eight rings at the same time.
You can use your tentacles to constrict eight enemies at once.
Your skin changes colour to match your surroundings (Stealth+).
Your rubbery body absorbs attacks. (AC +1, EV +1)


Message History

There is a stone staircase leading down here.
The hippogriff completely misses you. The hippogriff pecks you.
The hippogriff closely misses you.
You climb downwards.
You hear the hiss of flowing sand.
There is an entrance to an ossuary on this level.
Hurry and find it before the A shadow comes into view.
Found 4 gold pieces.
There is a stone staircase leading up here.
You barely miss the hippogriff.
The hippogriff is heavily wounded.
The hippogriff bites you. The hippogriff pecks you!
* * * LOW HITPOINT WARNING * * *
The hippogriff completely misses you.
You thump the hippogriff!
The hippogriff is almost dead.
The hippogriff is no longer blind.
The hippogriff bites you!
* * * LOW HITPOINT WARNING * * *
The hippogriff pecks you!
You die...

...####+#.#.W.
..........#..
............#
............#
............#
............#
......H.....#
...$...@..#
..........#
..........#
............
.............
...............
...............
...............


You could see a hippogriff and a shadow (dormant).

Vanquished Creatures
  Pikel (D:4)
  Sigmund (D:2)
  An ice beast (D:6)
  3 slaves (D:4)
  A hornet zombie (D:5)
  3 ogres
  3 centaurs
  2 crimson imps (D:6)
  3 hounds
  An orc priest (D:4)
  3 orc wizards
  Ijyb (D:4)
  3 worker ants
  2 gnolls
  6 adders
  2 oozes
  An adder zombie (D:5)
  2 worms
  4 dart slugs
  2 leopard geckos
  20 orcs
  3 ball pythons
  16 bats
  A bat zombie (D:6)
  5 giant cockroaches
  11 goblins
  15 hobgoblins
  11 jackals
  7 kobolds
  2 quokkas
  5 frilled lizards
  A leopard gecko zombie (D:5)
  A quokka skeleton (D:4)
  7 rats
  3 rat zombies (D:6)
153 creatures vanquished.

Notes
Turn   | Place    | Note
-------+----------+-------------------------------------------
     0 | D:1      | Ijustatesigmund the Octopode Conjurer began the quest for
                  | the Orb.
     0 | D:1      | Reached XP level 1. HP: 11/11 MP: 3/3
    18 | D:1      | Reached skill level 1 in Fighting
   417 | D:1      | Reached XP level 2. HP: 18/18 MP: 1/5
   451 | D:1      | Learned a level 2 spell: Searing Ray
  1286 | D:1      | Reached XP level 3. HP: 25/25 MP: 4/6
  2289 | D:2      | Learned a level 3 spell: Dazzling Spray
  2356 | D:2      | Reached XP level 4. HP: 31/31 MP: 1/7
  2483 | D:2      | Noticed Sigmund
  2497 | D:2      | Killed Sigmund
  2497 | D:2      | Reached XP level 5. HP: 34/36 MP: 0/8
  2528 | D:2      | Reached XP level 6. HP: 42/42 MP: 1/9
  3184 | D:2      | Found a sacrificial altar of Ru.
  3192 | D:2      | Reached skill level 1 in Maces & Flails
  3336 | D:2      | Found a deep blue altar of Sif Muna.
  3835 | D:3      | Found a snail-covered altar of Cheibriados.
  3916 | D:3      | Became a worshipper of Cheibriados the Contemplative
  3930 | D:3      | Found an ornate altar of the Wu Jian Council.
  3954 | D:3      | Found an opulent altar of Gozag.
  4068 | D:3      | Found a glowing golden altar of the Shining One.
  4071 | D:3      | Found a sparkling altar of Nemelex Xobeh.
  4690 | D:4      | Found a stormy altar of Qazlal.
  4767 | D:4      | Reached skill level 1 in Invocations
  4767 | D:4      | Reached XP level 7. HP: 46/46 MP: 2/10
  4923 | D:4      | Reached skill level 2 in Invocations
  5418 | D:4      | Reached * piety under Cheibriados
  5418 | D:4      | Reached skill level 3 in Invocations
  5439 | D:4      | Noticed Pikel
  5490 | D:4      | Killed Pikel
  5490 | D:4      | Reached skill level 6 in Invocations
  5490 | D:4      | Reached XP level 8. HP: 34/52 MP: 1/13
  5885 | D:4      | Noticed Ijyb
  5907 | D:4      | Found a staircase to the Ecumenical Temple.
  5912 | D:4      | Killed Ijyb
  5985 | D:5      | Entered Level 5 of the Dungeon
  5992 | D:5      | Reached skill level 7 in Invocations
  7445 | D:5      | HP: 2/52 [orc/tomahawk (6)]
  7899 | D:5      | Reached skill level 5 in Conjurations
  8141 | D:6      | Reached XP level 9. HP: 27/57 MP: 2/14
  8644 | D:6      | Reached ** piety under Cheibriados
  8993 | D:6      | Found a bloodstained altar of Trog.
  9045 | D:6      | Found a burning altar of Makhleb.
  9067 | D:6      | Noticed an Executioner
  9071 | D:6      | Noticed a smoke demon
  9071 | D:6      | Noticed an orange demon
  9116 | D:6      | Found an iron altar of Okawaru.
  9228 | D:6      | Found Viech's Antique Weapon Shop.
  9232 | D:6      | Bought a glowing flail for 182 gold pieces
  9326 | D:6      | Found an ancient bone altar of Kikubaaqudgha.
  9392 | D:7      | Mangled by a hippogriff

Vault maps used:
D:1:      dpeg_arrival_subterranean_lakeside_camping
D:2:      nicolae_ru_great_annihilating_truth, led_sif_pool, first_ration,
          interstate_on_off, hangedman_abyss_or_decor_lesser_grid,
          grunt_ministairs_10, uniq_sigmund
D:3:      lemuel_doored_altar, lemuel_crystal_altar,
          nicolae_overflow_crystal_walls, minitemple
D:4:      lemuel_temple_firewalk_b, corexii_item_surrounded_by_moat,
          nicolae_qazlal_general_emergency, uniq_pikel, uniq_ijyb
D:5:      minmay_misc_feat_roman, minmay_misc_feat_secret_circle
D:6:      minmay_cornered_nines, kennysheep_mini_moat,
          lemuel_zombie_altar_kikubaaqudgha, okawaru_altar_gauntlet_db,
          serial_shops, shop, makhleb_altar_promises_db
D:7:      kennysheep_mini, enter_ossuary_5, grunt_livestock, grunt_ministairs_1,
          uniq_menkaure

Skill      XL: |  1  2  3  4  5  6  7  8  9 |
---------------+----------------------------+-----
Fighting       | 1 2 3 |  3.4
Hexes          | 4 |  4.1
Stealth        | 3 |  3.7
Maces & Flails | 2 |  2.4
Invocations    | 1 6 7 |  7.9
Spellcasting   | 3 4 |  4.3
Conjurations   | 5 |  5.8
Dodging        | |  2.0

Action                   |  1- 3 |  4- 6 |  7- 9 || total
-------------------------+-------+-------+-------++-------
Melee: Unarmed           |    16 |       |       ||    16
       Constrict         |     8 |    10 |    17 ||    35
       Tentacles         |     3 |     4 |    23 ||    30
       Spear             |     6 |       |       ||     6
       Dagger            |    14 |    20 |       ||    34
       Mace              |       |    13 |    81 ||    94
       Flail             |       |       |     2 ||     2
 Cast: Magic Dart        |    61 |   100 |   132 ||   293
       Searing Ray       |       |     2 |    10 ||    12
       Dazzling Spray    |       |       |    13 ||    13
  Use: Scroll            |     3 |     4 |     7 ||    14
       Potion            |       |       |     7 ||     7
 Stab: Invisible         |       |       |     3 ||     3
       Sleeping          |       |       |     1 ||     1
  Eat: Chunk             |     5 |    10 |     7 ||    22
       Ration            |       |       |     1 ||     1
Armor: Skin              |     8 |     3 |     8 ||    19
Dodge: Dodged            |    30 |    45 |   154 ||   229

Table legend:
 A = Non-vault XP
 B = Vault XP
 C = Vault XP percentage of total XP
 D = Non-vault monster count
 E = Vault monster count
 F = Vault count percentage of total count
                 A         B        C        D         E       F
            +---------+---------+-------+---------+---------+-------
      Total |    1688 |    1050 |  38.3 |     125 |      25 |  16.7
            +---------+---------+-------+---------+---------+-------
        D:1 |      59 |       8 |  11.9 |      25 |       6 |  19.4
        D:2 |      74 |     291 |  79.7 |      29 |       7 |  19.4
        D:3 |      45 |       0 |   0.0 |      20 |       0 |   0.0
        D:4 |     245 |     720 |  74.6 |      15 |       2 |  11.8
        D:5 |     784 |       0 |   0.0 |      22 |       0 |   0.0
        D:6 |     481 |      31 |   6.1 |      14 |      10 |  41.7
            +---------+---------+-------+---------+---------+-------
